 Dungeon Crawl Stone Soup version 0.28.0-45-g0d030f2227 (webtiles) character file.

Game seed: 13228186593754310403

329 dianekeaton the Ruffian (level 6, -15/53 HPs)
             Began as a Troll Hedge Wizard on Apr 12, 2022.
             Demolished by Pikel
             ... wielding a +1 whip of electrocution
              (18 damage)
             ... on level 5 of the Dungeon.
             The game lasted 00:20:52 (4230 turns).

dianekeaton the Ruffian (Troll Hedge Wizard)        Turns: 4230, Time: 00:20:53

Health: -15/53     AC:  4    Str: 19    XL:     6   Next: 25%
Magic:  5/8        EV:  9    Int: 12    God:
Gold:   130        SH:  0    Dex:  9    Spells: 5/9 levels left

rFire   . . .      SeeInvis .     - Unarmed
rCold   . . .      Faith    .   (no shield)
rNeg    . . .      Spirit   .   b - +0 robe
rPois   .          Reflect  .   c - +0 hat
rElec   .          Harm     .   (no cloak)
rCorr   .          Rampage  .   (gloves unavailable)
Will    .....                   (boots unavailable)
Stlth   +.........              (no amulet)
HPRegen 0.97/turn               (no ring)
MPRegen 0.11/turn               (no ring)

@: no status effects
A: large, unfitting armour, claws 3, regeneration 1, shaggy fur 1, tough skin 1
a: no special abilities


You were on level 5 of the Dungeon.
You visited 1 branch of the dungeon, and saw 6 of its levels.

You collected 130 gold pieces.

Inventory:

Armour
 b - a +0 robe (worn)
 c - a +0 hat (worn)
 f - a +0 kite shield
Jewellery
 l - a ring of positive energy
Wands
 k - a wand of polymorph (14)
 m - a wand of charming (11)
Scrolls
 e - a scroll of identify
 h - a scroll of noise {unknown}
 n - a scroll of blinking {unknown}
Potions
 a - a potion of flight
 d - a potion of curing
 g - 2 potions of berserk rage {unknown}
 i - a potion of lignification {unknown}
 j - a potion of mutation {unknown}


   Skills:
 - Level 0.2 Staves
 - Level 1.5 Dodging
 - Level 1.0 Stealth
 + Level 0.1 Shields
 - Level 5.0 Unarmed Combat
 - Level 2.0 Spellcasting
 * Level 1.7 Conjurations
 - Level 0.6 Summonings
 - Level 0.6 Translocations
 + Level 0.3 Transmutations
 * Level 1.1 Air Magic


You had 5 spell levels left.
You knew the following spells:

 Your Spells              Type           Power      Damage    Failure   Level
a - Magic Dart            Conj           20%        1d4       13%         1
b - Mephitic Cloud        Conj/Pois/Air  3%         N/A       50%         3

Your spell library contained the following spells:

 Spells                   Type           Power      Damage    Failure   Level
 Slow                     Hex            4%         N/A       26%         1
 Blink                    Tloc           4%         N/A       32%         2
 Call Imp                 Summ           2%         N/A       32%         2
 Conjure Flame            Conj/Fire      3%         6-21      50%         3
 Petrify                  Tmut/Erth      1%         N/A       94%         4
 Dispel Undead            Necr           1%         3d6       95%         4
 Leda's Liquefaction      Hex/Erth       0%         N/A       95%         4


Dungeon Overview and Level Annotations

Branches:
Dungeon (6/15)
 Temple: D:4-7

Altars:
Ashenzari
Qazlal

Shops:
D:2 ?   D:3 *   D:4 *

Annotations:
D:4 Menkaure
D:5 Dowan, Duvessa, Edmund, Pikel


Innate Abilities, Weirdness & Mutations

You are too large for most types of armour.
You have claws for hands.
Your natural rate of healing is unusually fast.
You are covered in fur. (AC +1)
You have tough skin. (AC +1)


Message History

You miss Pikel.
Pikel is moderately wounded.
The lemure barely misses you.
Pikel hits you with a +1 whip of electrocution!
You are electrocuted!
* * * LOW HITPOINT WARNING * * *
You scratch Pikel but do no damage.
Pikel is moderately wounded.
The lemure closely misses you.
Pikel hits you with a +1 whip of electrocution.
* * * LOW HITPOINT WARNING * * *
Duvessa and Dowan come into view.
Duvessa is wielding a +0 short sword of freezing.
Duvessa shouts!
Your magical contamination has completely faded away.
Pikel says, "Hell isn't that bad."
Duvessa says, "Where magic fails, the sword succeeds!"
Pikel waves his whip at you. Pikel waves his whip at you.
A lemure comes into view.
You completely miss the lemure.
Pikel hits you with a +1 whip of electrocution!
The lemure closely misses you.
You closely miss the lemure. Pikel barely misses you.
The lemure barely misses you.
You barely miss the lemure.
Pikel hits you with a +1 whip of electrocution.
The lemure hits you.
* * * LOW HITPOINT WARNING * * *
You scratch the lemure.
The lemure is moderately wounded.
Pikel hits you with a +1 whip of electrocution.
* * * LOW HITPOINT WARNING * * *
The lemure hits you but does no damage.
You barely miss the lemure.
The lemure is moderately wounded.
Pikel hits you with a +1 whip of electrocution.
* * * LOW HITPOINT WARNING * * *
You are electrocuted!!
You die...

#. #e##.# #. #.##.#
##.##.##.##########
.....55...5.5.e..5#
###.#############5#
#.# #5#
###.######### #e#
............#####K#
###.#######....5@.#
#.# ######### ..#
####


You could see Pikel, Duvessa and 4 lemures.

Vanquished Creatures
  A black bear (D:5)
  A bullfrog zombie (D:5)
  A hound (D:5)
  An orc wizard (D:5)
  A hound skeleton (D:4)
  3 adders
  An ufetubus (D:4)
  A worm (D:3)
  4 dart slugs
  5 orcs
  12 endoplasms
  3 giant cockroaches
  8 hobgoblins
  5 jackals
  4 kobolds
  A quokka (D:5)
  7 ball pythons
  11 bats
  3 frilled lizards
  7 goblins
  7 rats
87 creatures vanquished.

Notes
Turn   | Place    | Note
-------+----------+-------------------------------------------
     0 | D:1      | dianekeaton the Troll Hedge Wizard began the quest for the
                  | Orb.
     0 | D:1      | Reached XP level 1. HP: 16/16 MP: 2/2
    60 | D:1      | Reached skill level 1 in Unarmed Combat
   175 | D:1      | Reached XP level 2. HP: 23/24 MP: 2/4
   258 | D:1      | Reached skill level 2 in Unarmed Combat
   400 | D:1      | Got the Incunabulum of Earthen Unholy Rites
  1022 | D:1      | Reached XP level 3. HP: 31/31 MP: 2/5
  1026 | D:1      | Learned a level 3 spell: Mephitic Cloud
  1271 | D:2      | Reached skill level 3 in Unarmed Combat
  1348 | D:2      | Found Zaodifra's Magic Scroll Shop.
  1354 | D:2      | Found a stormy altar of Qazlal.
  2090 | D:2      | Reached XP level 4. HP: 39/39 MP: 1/6
  2177 | D:2      | Found a faded altar of an unknown god.
  2557 | D:3      | Reached skill level 4 in Unarmed Combat
  2637 | D:3      | Found a broken altar of Ashenzari.
  2897 | D:3      | Found Biujuq's Assorted Antiques.
  3040 | D:3      | You fall into a shaft and drop 3 floors!
  3060 | D:5      | Entered Level 5 of the Dungeon
  3061 | D:5      | Noticed Edmund
  3133 | D:4      | Reached XP level 5. HP: 20/45 MP: 2/7
  3526 | D:4      | Found Uqepuo's General Store.
  3593 | D:4      | Reached skill level 5 in Unarmed Combat
  3630 | D:4      | Noticed Menkaure
  3785 | D:5      | Noticed a black bear
  3824 | D:5      | Killed a black bear
  3825 | D:5      | Reached skill level 1 in Conjurations
  3825 | D:5      | Reached skill level 1 in Air Magic
  3825 | D:5      | Reached XP level 6. HP: 24/53 MP: 2/8
  4194 | D:5      | Noticed Pikel
  4206 | D:5      | Noticed Duvessa
  4206 | D:5      | Noticed Dowan
  4230 | D:5      | Demolished by Pikel

Illustrated notes

Levels and vault maps discovered:
D:1:      minmay_arrival_diagonal_passages, layout_basic
D:2:      layout_basic, basic_altar, shapermc_ecumenical_altar_ellora,
          serial_shops, shop
D:3:      layout_loops_ring, mainiacjoe_overflow_cross_hatched, serial_shops,
          shop
D:4:      layout_loops_ring, serial_shops, nicolae_shop_hallway_plus,
          eino_curves_04, uniq_menkaure
D:5:      layout_loops_ring, grunt_dithmenos_shadows, gammafunk_ghost_split,
          uniq_duvessa, uniq_edmund, uniq_grinder, uniq_pikel
D:6:      layout_rooms, temple_green

Skill      XL: |  1  2  3  4  5 |
---------------+----------------+-----
Unarmed Combat | 1 2 3 4 5 |  5.0
Conjurations   | 1 |  1.7
Air Magic      | 1 |  1.1
Staves         | |  0.2
Dodging        | |  1.5
Stealth        | |  1.0
Shields        | |  0.1
Spellcasting   | |  2.0
Summonings     | |  0.6
Translocations | |  0.6
Transmutations | |  0.3

Action                   |  1- 3 |  4- 6 || total
-------------------------+-------+-------++-------
Melee: Unarmed           |   104 |   114 ||   218
       Punch             |     2 |     1 ||     3
 Cast: Magic Dart        |    51 |    58 ||   109
  Use: Scroll            |       |     5 ||     5
       Potion            |       |     1 ||     1
 Stab: Sleeping          |     1 |       ||     1
Armor: Robe              |    41 |    59 ||   100
Dodge: Dodged            |    66 |    63 ||   129
